PBL
SOUTHERN MARYLAND BLUE CRABS @ WINNIPEG GOLDEYES
11/08/2046
 
TOP OF THE 1ST
Southern Maryland Blue Crabs batting - Pitching for Winnipeg Goldeyes : RHP Jason Waite
Pitching: RHP Jason Waite
Batting: RHB Kevin Popowicz 0-0: Called Strike
0-1: Ground out 6-3 (Groundball, 6, EV 85.0 MPH)
Batting: SHB Carlos Carrillo 0-0: Called Strike
0-1: Swinging Strike
0-2: Ball
1-2: Ball
2-2: Foul Ball, location: 2F
2-2: Foul Ball, location: 2F
2-2: Foul Ball, location: 2F
2-2: Ball
3-2: Foul Ball, location: 2F
3-2: Ground out 6-3 (Groundball, 56, EV 105.6 MPH)
Batting: RHB Maup Gommers 0-0: Ball
1-0: Called Strike
1-1: Ball
2-1: Fly out, F9 (Flyball, 9LS, EV 97.5 MPH)
Top of the 1st over - 0 runs, 0 hits, 0 errors, 0 left on base; Southern Maryland 0 - Winnipeg 0
BOTTOM OF THE 1ST
Winnipeg Goldeyes batting - Pitching for Southern Maryland Blue Crabs : RHP Olaf Barker
Pitching: RHP Olaf Barker
Batting: RHB Caleb Bockmann 0-0: Ball
1-0: Ball
2-0: SINGLE (Line Drive, 6D, EV 93.8 MPH)
Batting: LHB Jon Ventura 0-0: Called Strike
0-1: SINGLE (Line Drive, 9S, EV 93.8 MPH)
Caleb Bockmann to second
Runner from 2nd tries for 3rd, SAFE, throw by RF made to third
Batting: RHB Tim Carter 0-0: Called Strike
Jon Ventura steals 2nd base
0-1: Foul Ball, location: 2F
0-2: Ball
1-2: Foul Ball, location: 2F
1-2: DOUBLE (Line Drive, 78D, EV 110.0 MPH)
Caleb Bockmann scores
Jon Ventura scores
Batting: LHB Marshall Daul 0-0: Ball
1-0: Ball
2-0: Called Strike
2-1: Ball
3-1: Called Strike
3-2: Base on Balls
Batting: RHB Sergio Gomez 0-0: Ball
1-0: Ball
2-0: Ball
3-0: Called Strike
3-1: Called Strike
3-2: Fly out, F5 (Line Drive, 56D, EV 73.8 MPH)
Batting: LHB David Ramos 0-0: Grounds into double play, 4-6-3 (Groundball, 34, EV 104.4 MPH)
Bottom of the 1st over - 2 runs, 3 hits, 0 errors, 1 left on base; Southern Maryland 0 - Winnipeg 2
TOP OF THE 2ND
Southern Maryland Blue Crabs batting - Pitching for Winnipeg Goldeyes : RHP Jason Waite
Batting: LHB Xue-liang Zhou 0-0: Called Strike
0-1: Foul Ball, location: 2F
0-2: Ball
1-2: Ball
2-2: Foul Ball, location: 2F
2-2: Foul Ball, location: 2F
2-2: Ball
3-2: Foul Ball, location: 2F
3-2: Foul Ball, location: 2F
3-2: SINGLE (Line Drive, 78M, EV 96.2 MPH)
Batting: RHB Jonathan Mendoza 0-0: Called Strike
0-1: Ball
1-1: DOUBLE (Groundball, 5L, EV 100.6 MPH)
Xue-liang Zhou to third
Batting: LHB Pat Fontana 0-0: Ball
1-0: Ball
2-0: Ball
3-0: Called Strike
3-1: Base on Balls
Batting: LHB Jeremy Nuzzo 0-0: Ball
1-0: Ball
2-0: Grounds into double play, 3-6-1 (Groundball, 3, EV 99.4 MPH)
Xue-liang Zhou scores
Jonathan Mendoza to third
Batting: RHB Alfredo Reguera 0-0: Called Strike
0-1: Called Strike
0-2: Fly out, F8 (Flyball, 78D, EV 93.1 MPH)
Top of the 2nd over - 1 run, 2 hits, 0 errors, 1 left on base; Southern Maryland 1 - Winnipeg 2
BOTTOM OF THE 2ND
Winnipeg Goldeyes batting - Pitching for Southern Maryland Blue Crabs : RHP Olaf Barker
Batting: RHB Terry Oetker 0-0: Swinging Strike
0-1: Called Strike
0-2: Strikes out swinging
Batting: RHB Nestor Moreno 0-0: Ball
1-0: Ball
2-0: Called Strike
2-1: Foul Ball, location: 2F
2-2: Strikes out swinging
Batting: RHB Hisao Takei 0-0: Called Strike
0-1: Called Strike
0-2: Ball
1-2: Strikes out swinging
Bottom of the 2nd over - 0 runs, 0 hits, 0 errors, 0 left on base; Southern Maryland 1 - Winnipeg 2
TOP OF THE 3RD
Southern Maryland Blue Crabs batting - Pitching for Winnipeg Goldeyes : RHP Jason Waite
Batting: LHB Ivan Alvarez 0-0: Swinging Strike
0-1: Ground out 4-3 (Groundball, 4, EV 102.5 MPH)
Batting: RHB Kevin Popowicz 0-0: Ball
1-0: Ball
2-0: Swinging Strike
2-1: Swinging Strike
2-2: Ball
3-2: Strikes out swinging
Batting: SHB Carlos Carrillo 0-0: Ball
1-0: Ball
2-0: Ball
3-0: Called Strike
3-1: Fly out, F8 (Flyball, 78XD, EV 95.6 MPH)
Top of the 3rd over - 0 runs, 0 hits, 0 errors, 0 left on base; Southern Maryland 1 - Winnipeg 2
BOTTOM OF THE 3RD
Winnipeg Goldeyes batting - Pitching for Southern Maryland Blue Crabs : RHP Olaf Barker
Batting: RHB Caleb Bockmann 0-0: Called Strike
0-1: Ball
1-1: Ball
2-1: Ground out 5-3 (Groundball, 15, EV 83.8 MPH)
Batting: LHB Jon Ventura 0-0: Ball
1-0: Called Strike
1-1: Ground out 4-3 (Groundball, 4, EV 105.0 MPH)
Batting: RHB Tim Carter 0-0: Called Strike
0-1: Ball
1-1: Swinging Strike
1-2: Strikes out swinging
Bottom of the 3rd over - 0 runs, 0 hits, 0 errors, 0 left on base; Southern Maryland 1 - Winnipeg 2
TOP OF THE 4TH
Southern Maryland Blue Crabs batting - Pitching for Winnipeg Goldeyes : RHP Jason Waite
Batting: RHB Maup Gommers 0-0: Called Strike
0-1: Ball
1-1: Swinging Strike
1-2: Strikes out swinging
Batting: LHB Xue-liang Zhou 0-0: Ground out 4-3 (Groundball, 34D, EV 101.9 MPH)
Batting: RHB Jonathan Mendoza 0-0: Called Strike
0-1: Ball
1-1: Foul Ball, location: 2F
1-2: Ball
2-2: Strikes out swinging
Top of the 4th over - 0 runs, 0 hits, 0 errors, 0 left on base; Southern Maryland 1 - Winnipeg 2
BOTTOM OF THE 4TH
Winnipeg Goldeyes batting - Pitching for Southern Maryland Blue Crabs : RHP Olaf Barker
Batting: LHB Marshall Daul 0-0: Called Strike
0-1: Ball
1-1: Ball
2-1: Called Strike
2-2: Ball
3-2: Fly out, F9 (Flyball, 89M, EV 91.2 MPH)
Batting: RHB Sergio Gomez 0-0: Called Strike
0-1: Foul Ball, location: 2F
0-2: SINGLE (Line Drive, 8RS, EV 93.1 MPH)
Batting: LHB David Ramos 0-0: Swinging Strike
0-1: Ball
1-1: Called Strike
1-2: Foul Ball, location: 2F
1-2: Ball
2-2: Strikes out swinging
Batting: RHB Terry Oetker 0-0: Called Strike
0-1: Ball
1-1: Ball
2-1: Ground out 4-3 (Groundball, 4, EV 83.8 MPH)
Bottom of the 4th over - 0 runs, 1 hit, 0 errors, 1 left on base; Southern Maryland 1 - Winnipeg 2
TOP OF THE 5TH
Southern Maryland Blue Crabs batting - Pitching for Winnipeg Goldeyes : RHP Jason Waite
Batting: LHB Pat Fontana 0-0: Called Strike
0-1: Ball
1-1: Reached on error, E6 (Groundball, 6, EV 85.6 MPH)
Batting: LHB Jeremy Nuzzo 0-0: Foul Ball, location: 2F
0-1: Ball
1-1: Foul Ball, location: 2F
1-2: Ball
2-2: Strikes out swinging
Batting: RHB Alfredo Reguera 0-0: Called Strike
0-1: Ball
Pat Fontana is caught stealing 2nd base 2-4
1-1: Hit by Pitch
Pinch Runner at 1st Ruben Domingues:
Batting: LHB Ivan Alvarez 0-0: Called Strike
0-1: Foul Ball, location: 2F
0-2: Strikes out looking
Top of the 5th over - 0 runs, 0 hits, 1 error, 1 left on base; Southern Maryland 1 - Winnipeg 2
BOTTOM OF THE 5TH
Winnipeg Goldeyes batting - Pitching for Southern Maryland Blue Crabs : RHP Olaf Barker
Now in CF: Ruben Domingues
Batting: RHB Nestor Moreno 0-0: Called Strike
0-1: Ball
1-1: Ball
2-1: Foul Ball, location: 2F
2-2: Ground out 6-3 (Groundball, 6, EV 96.9 MPH)
Batting: RHB Hisao Takei 0-0: Swinging Strike
0-1: Ball
1-1: Called Strike
1-2: Strikes out swinging
Batting: RHB Caleb Bockmann 0-0: Called Strike
0-1: Ball
1-1: Ball
2-1: Called Strike
2-2: Foul Ball, location: 2F
2-2: Ball
3-2: Foul Ball, location: 2F
3-2: Foul Ball, location: 2F
3-2: Fly out, F3 (Popup, 3S, EV 74.4 MPH)
Bottom of the 5th over - 0 runs, 0 hits, 0 errors, 0 left on base; Southern Maryland 1 - Winnipeg 2
TOP OF THE 6TH
Southern Maryland Blue Crabs batting - Pitching for Winnipeg Goldeyes : RHP Jason Waite
Batting: RHB Kevin Popowicz 0-0: Ball
1-0: Called Strike
1-1: Ball
2-1: Foul Ball, location: 2F
2-2: Strikes out looking
Batting: SHB Carlos Carrillo 0-0: Called Strike
0-1: Ball
1-1: Swinging Strike
1-2: Foul Ball, location: 2F
1-2: Strikes out swinging
Batting: RHB Maup Gommers 0-0: Swinging Strike
0-1: Ground out 6-3 (Groundball, 56, EV 79.4 MPH)
Top of the 6th over - 0 runs, 0 hits, 0 errors, 0 left on base; Southern Maryland 1 - Winnipeg 2
BOTTOM OF THE 6TH
Winnipeg Goldeyes batting - Pitching for Southern Maryland Blue Crabs : RHP Olaf Barker
Batting: LHB Jon Ventura 0-0: Ball
1-0: Ball
2-0: Ball
3-0: Base on Balls
Batting: RHB Tim Carter 0-0: Swinging Strike
0-1: Swinging Strike
0-2: Ball
1-2: Ball
2-2: Ball
Balk!
Jon Ventura to second
3-2: Foul Ball, location: 2F
3-2: Ground out U3 (Groundball, 23, EV 81.2 MPH)
Jon Ventura to third
Batting: LHB Marshall Daul 0-0: Intentional Walk
Batting: RHB Sergio Gomez 0-0: Called Strike
Marshall Daul is caught stealing 2nd base 2-4
0-1: Ball
1-1: Foul Ball, location: 2F
1-2: Foul Ball, location: 2F
1-2: Fly out, F3 (Popup, 3F, EV 63.8 MPH)
Bottom of the 6th over - 0 runs, 0 hits, 0 errors, 1 left on base; Southern Maryland 1 - Winnipeg 2
TOP OF THE 7TH
Southern Maryland Blue Crabs batting - Pitching for Winnipeg Goldeyes : RHP Jason Waite
Batting: LHB Xue-liang Zhou 0-0: Ball
1-0: Ball
2-0: Ball
3-0: Swinging Strike
3-1: Called Strike
3-2: Base on Balls
Batting: RHB Jonathan Mendoza 0-0: Called Strike
0-1: Ball
1-1: Foul Ball, location: 2F
Pickoff Throw to First - Out! 1-3
1-2: Foul Ball, location: 2F
1-2: Strikes out swinging
Batting: LHB Pat Fontana 0-0: Ball
1-0: Fly out, F8 (Line Drive, 8RM, EV 105.0 MPH)
Top of the 7th over - 0 runs, 0 hits, 0 errors, 0 left on base; Southern Maryland 1 - Winnipeg 2
BOTTOM OF THE 7TH
Winnipeg Goldeyes batting - Pitching for Southern Maryland Blue Crabs : RHP Olaf Barker
Pitching: LHP Gilberto Lugo
Batting: LHB David Ramos 0-0: Ball
1-0: Called Strike
1-1: Called Strike
1-2: Ball
2-2: Ball
3-2: Foul Ball, location: 2F
3-2: Strikes out swinging
Batting: RHB Terry Oetker 0-0: Called Strike
0-1: Ball
1-1: Swinging Strike
1-2: Strikes out swinging
Batting: RHB Nestor Moreno 0-0: Ball
1-0: Ball
2-0: Foul Ball, location: 2F
2-1: Foul Ball, location: 2F
2-2: Strikes out swinging
Bottom of the 7th over - 0 runs, 0 hits, 0 errors, 0 left on base; Southern Maryland 1 - Winnipeg 2
TOP OF THE 8TH
Southern Maryland Blue Crabs batting - Pitching for Winnipeg Goldeyes : RHP Jason Waite
Batting: LHB Jeremy Nuzzo 0-0: SOLO HOME RUN (Flyball, 9D, EV 98.8 MPH), Distance : 381 ft
Pinch Hitting: RHB Simon Van Steenwyk 0-0: Ball
1-0: Called Strike
1-1: Ball
2-1: Ground out 6-3 (Groundball, 6D, EV 107.5 MPH)
Batting: LHB Ivan Alvarez 0-0: Ball
1-0: SINGLE (Groundball, 3D, EV 102.5 MPH)
Pitching: RHP Glen Dutton
Batting: RHB Kevin Popowicz 0-0: Called Strike
0-1: Grounds into double play, 6-4-3 (Groundball, 6, EV 102.5 MPH)
Top of the 8th over - 1 run, 2 hits, 0 errors, 0 left on base; Southern Maryland 2 - Winnipeg 2
BOTTOM OF THE 8TH
Winnipeg Goldeyes batting - Pitching for Southern Maryland Blue Crabs : LHP Gilberto Lugo
Now in CF: Eric Kelley
Batting: RHB Hisao Takei 0-0: Foul Ball, location: 2F
0-1: DOUBLE (Flyball, 8LD, EV 92.5 MPH)
Batting: RHB Caleb Bockmann 0-0: Intentional Walk
Batting: LHB Jon Ventura 0-0: Called Strike
0-1: Swinging Strike
0-2: Ball
1-2: Ball
2-2: Foul Ball, location: 2F
2-2: Foul Ball, location: 2F
2-2: Foul Ball, location: 2F
2-2: Foul Ball, location: 2F
2-2: Strikes out swinging
Batting: RHB Tim Carter 0-0: Called Strike
0-1: Foul Ball, location: 2F
0-2: SINGLE (Groundball, 6D, EV 97.5 MPH)
Hisao Takei to third
Caleb Bockmann to second
Batting: LHB Marshall Daul 0-0: Ball
1-0: Foul Ball, location: 2F
1-1: Swinging Strike
1-2: Ball
2-2: Foul Ball, location: 2F
2-2: Ball
3-2: Foul Ball, location: 2F
3-2: Foul Ball, location: 2F
3-2: SINGLE (Line Drive, 89S, EV 99.4 MPH)
Hisao Takei scores
Caleb Bockmann to third
Tim Carter to second
Pitching: RHP Joe Underhill
Batting: RHB Sergio Gomez 0-0: Ball
1-0: Fly out, F7 (Flyball, 7, EV 88.1 MPH)
Runner from 3rd tags up, SCORES, throw by LF
Tim Carter to third
Batting: LHB David Ramos 0-0: Foul Ball, location: 2F
0-1: SINGLE (Groundball, 56S, EV 75.6 MPH) (infield hit)
Tim Carter scores
Marshall Daul to second
Batting: LHB Yasutoshi Hayashi 0-0: Ball
1-0: Ball
2-0: Called Strike
2-1: Foul Ball, location: 2F
2-2: Foul Ball, location: 2F
2-2: Strikes out swinging
Bottom of the 8th over - 3 runs, 4 hits, 0 errors, 2 left on base; Southern Maryland 2 - Winnipeg 5
TOP OF THE 9TH
Southern Maryland Blue Crabs batting - Pitching for Winnipeg Goldeyes : RHP Glen Dutton
Pitching: RHP Jason McCaw
Batting: SHB Carlos Carrillo 0-0: Called Strike
0-1: Ball
1-1: Called Strike
1-2: Strikes out swinging
Batting: RHB Maup Gommers 0-0: Called Strike
0-1: Ball
1-1: Ground out 6-3 (Groundball, 6, EV 81.9 MPH)
Batting: LHB Xue-liang Zhou 0-0: Ball
1-0: Ball
2-0: Called Strike
2-1: Ground out 5-3 (Groundball, 56S, EV 80.6 MPH)
Top of the 9th over - 0 runs, 0 hits, 0 errors, 0 left on base; Southern Maryland 2 - Winnipeg 5
Tuesday, September 13th , 2022 - OOTP Baseball 23.7 Build 88